ESL (28 & UNDER)
BUTLER WHITE SOX @ NEWARK BULLDOGS
08/19/2028
 
TOP OF THE 1ST
Butler White Sox batting - Pitching for Newark Bulldogs : LHP Pedro Orozco
Pitching: LHP Pedro Orozco
Batting: RHB Luis Fuentes 0-0: Foul Ball, location: 2F
0-1: Called Strike
0-2: Strikes out swinging
Batting: LHB Josh Pérez 0-0: Called Strike
0-1: Foul Ball, location: 2F
0-2: Ball
1-2: Strikes out swinging
Batting: RHB Bobby Murdock 0-0: Swinging Strike
0-1: Ground out 5-3 (Groundball, 25)
Top of the 1st over - 0 run(s), 0 hit(s), 0 error(s), 0 left on base; Butler 0 - Newark 0
BOTTOM OF THE 1ST
Newark Bulldogs batting - Pitching for Butler White Sox : RHP Cliff Erwin
Pitching: RHP Cliff Erwin
Batting: RHB Peter Sexton 0-0: DOUBLE (Line Drive, 7LM)
Batting: RHB Wilson Flores 0-0: Called Strike
0-1: Foul Ball, location: 2F
0-2: Ball
1-2: Foul Ball, location: 2F
1-2: Foul Ball, location: 2F
1-2: Strikes out swinging
Batting: LHB Marvin Morris 0-0: Fly out, F7 (Flyball, 7)
Batting: LHB Gabriel Aragón 0-0: Ball
1-0: Fly out, F7 (Flyball, 7LM)
Bottom of the 1st over - 0 run(s), 1 hit(s), 0 error(s), 1 left on base; Butler 0 - Newark 0
TOP OF THE 2ND
Butler White Sox batting - Pitching for Newark Bulldogs : LHP Pedro Orozco
Batting: RHB Luis Ramos 0-0: Called Strike
0-1: DOUBLE (Line Drive, 9LD)
Batting: RHB Tom Lang 0-0: Reached on error, E4 (Line Drive, 4M)
Luis Ramos to third
Batting: LHB Jim Knight 0-0: Called Strike
0-1: Ball
1-1: Fly out, F6 (Line Drive, 6MD)
Batting: LHB Sam Haynes 0-0: Fly out, F7 (Flyball, 7S)
Batting: RHB Jerry Moore 0-0: Ball
1-0: Ball
2-0: Ball
3-0: Called Strike
3-1: Foul Ball, location: 2F
3-2: Base on Balls
Tom Lang to second
Batting: LHB Sean Perkins 0-0: Called Strike
0-1: Foul Ball, location: 2F
0-2: Strikes out swinging
Top of the 2nd over - 0 run(s), 1 hit(s), 1 error(s), 3 left on base; Butler 0 - Newark 0
BOTTOM OF THE 2ND
Newark Bulldogs batting - Pitching for Butler White Sox : RHP Cliff Erwin
Batting: LHB Wes Stone 0-0: Foul Ball, location: 2F
0-1: Ball
1-1: Ball
2-1: Foul Ball, location: 2F
2-2: Foul Ball, location: 2F
2-2: Ball
3-2: Strikes out swinging
Batting: RHB Norris Howard 0-0: Called Strike
0-1: Ball
1-1: Ball
2-1: Ball
3-1: Called Strike
3-2: Ground out 5-3 (Groundball, 56S)
Batting: LHB Wes Thompson 0-0: Ground out 5-3 (Groundball, 56S)
Bottom of the 2nd over - 0 run(s), 0 hit(s), 0 error(s), 0 left on base; Butler 0 - Newark 0
TOP OF THE 3RD
Butler White Sox batting - Pitching for Newark Bulldogs : LHP Pedro Orozco
Batting: RHB Luis Fuentes 0-0: Ball
1-0: Swinging Strike
1-1: Called Strike
1-2: Ball
2-2: Foul Ball, location: 2F
2-2: Ball
3-2: Base on Balls
Batting: LHB Josh Pérez 0-0: Ball
1-0: Ball
2-0: Fly out, F3 (Popup, 3S)
Batting: RHB Bobby Murdock 0-0: Ball
Luis Fuentes steals 2nd base
1-0: Ball
2-0: Foul Ball, location: 2F
2-1: Ball
3-1: SINGLE (Line Drive, 6)
Luis Fuentes to third
Runner from 3rd tries for Home, SAFE, no throw
Batting: RHB Luis Ramos 0-0: Foul Ball, location: 2F
0-1: 2-RUN HOME RUN (Flyball, 89XD), Distance : 394 ft
Batting: RHB Tom Lang 0-0: Ball
1-0: Called Strike
1-1: Called Strike
1-2: Strikes out swinging
Batting: LHB Jim Knight 0-0: Ball
1-0: Foul Ball, location: 2F
1-1: SINGLE (Groundball, 6MD)
Batting: LHB Sam Haynes 0-0: Foul Ball, location: 2F
0-1: Ball
1-1: Foul Ball, location: 2F
1-2: Strikes out looking
Top of the 3rd over - 3 run(s), 3 hit(s), 0 error(s), 1 left on base; Butler 3 - Newark 0
BOTTOM OF THE 3RD
Newark Bulldogs batting - Pitching for Butler White Sox : RHP Cliff Erwin
Batting: RHB Joe Baker 0-0: Called Strike
0-1: Ball
1-1: Swinging Strike
1-2: Strikes out swinging
Batting: RHB Stan Simpson 0-0: Called Strike
0-1: Foul Ball, location: 2F
0-2: Strikes out looking
Batting: RHB Peter Sexton 0-0: Ball
1-0: Ball
2-0: Ground out 6-3 (Groundball, 6)
Bottom of the 3rd over - 0 run(s), 0 hit(s), 0 error(s), 0 left on base; Butler 3 - Newark 0
TOP OF THE 4TH
Butler White Sox batting - Pitching for Newark Bulldogs : LHP Pedro Orozco
Batting: RHB Jerry Moore 0-0: Ball
1-0: Foul Ball, location: 2F
1-1: Ground out 6-3 (Groundball, 6D)
Batting: LHB Sean Perkins 0-0: Called Strike
0-1: Called Strike
0-2: Foul Ball, location: 2F
0-2: Strikes out swinging
Batting: RHB Luis Fuentes 0-0: Called Strike
0-1: SINGLE (Flyball, 89M)
Batting: LHB Josh Pérez 0-0: Ball
1-0: Foul Ball, location: 2F
1-1: Called Strike
Pickoff Throw to First - Out!
Top of the 4th over - 0 run(s), 1 hit(s), 0 error(s), 0 left on base; Butler 3 - Newark 0
BOTTOM OF THE 4TH
Newark Bulldogs batting - Pitching for Butler White Sox : RHP Cliff Erwin
Batting: RHB Wilson Flores 0-0: SINGLE (Line Drive, 3)
Batting: LHB Marvin Morris 0-0: Swinging Strike
0-1: Foul Ball, location: 2F
0-2: Ball
1-2: Ball
2-2: Foul Ball, location: 2F
2-2: Foul Ball, location: 2F
2-2: Foul Ball, location: 2F
2-2: Ball
3-2: Foul Ball, location: 2F
3-2: Fly out, F8 (Flyball, 8RS)
Batting: LHB Gabriel Aragón 0-0: Called Strike
0-1: Called Strike
0-2: Foul Ball, location: 2F
0-2: Ball
1-2: Strikes out looking
Batting: LHB Wes Stone 0-0: Ball
Wilson Flores is caught stealing 2nd base
Bottom of the 4th over - 0 run(s), 1 hit(s), 0 error(s), 0 left on base; Butler 3 - Newark 0
TOP OF THE 5TH
Butler White Sox batting - Pitching for Newark Bulldogs : LHP Pedro Orozco
Batting: LHB Josh Pérez 0-0: Ball
1-0: Called Strike
1-1: Ball
2-1: Ball
3-1: Fly out, F8 (Flyball, 8LM)
Batting: RHB Bobby Murdock 0-0: Ball
1-0: Ball
2-0: Ball
3-0: Base on Balls
Batting: RHB Luis Ramos 0-0: Foul Ball, location: 2F
0-1: Ground out 5-3 (Groundball, 56S)
Bobby Murdock to second
Batting: RHB Tom Lang 0-0: Ball
1-0: Called Strike
1-1: Called Strike
1-2: Foul Ball, location: 2F
1-2: Strikes out swinging
Top of the 5th over - 0 run(s), 0 hit(s), 0 error(s), 1 left on base; Butler 3 - Newark 0
BOTTOM OF THE 5TH
Newark Bulldogs batting - Pitching for Butler White Sox : RHP Cliff Erwin
Batting: LHB Wes Stone 0-0: Ball
1-0: Ball
2-0: Ball
3-0: Base on Balls
Batting: RHB Norris Howard 0-0: Called Strike
0-1: Foul Ball, location: 2F
0-2: SINGLE (Line Drive, 78S)
Wes Stone to second
Batting: LHB Wes Thompson 0-0: Ball
1-0: Ball
2-0: Called Strike
2-1: Foul Ball, location: 2F
2-2: Ball
3-2: Reached on error, E3 (Groundball, 34)
Wes Stone to third
Norris Howard to second
Batting: RHB Joe Baker 0-0: Ball
1-0: Ball
2-0: Ball
3-0: Base on Balls
Wes Stone scores
Norris Howard to third
Wes Thompson to second
Batting: RHB Stan Simpson 0-0: Swinging Strike
0-1: Swinging Strike
0-2: Ball
1-2: Foul Ball, location: 2F
1-2: Ball
2-2: Ball
3-2: Foul Ball, location: 2F
3-2: Strikes out swinging
Batting: RHB Peter Sexton 0-0: Ball
1-0: Swinging Strike
1-1: Ball
2-1: Foul Ball, location: 2F
2-2: Strikes out looking
Batting: RHB Wilson Flores 0-0: Ball
1-0: Foul Ball, location: 2F
1-1: Foul Ball, location: 2F
1-2: Strikes out swinging
Bottom of the 5th over - 1 run(s), 1 hit(s), 1 error(s), 3 left on base; Butler 3 - Newark 1
TOP OF THE 6TH
Butler White Sox batting - Pitching for Newark Bulldogs : LHP Pedro Orozco
Batting: LHB Jim Knight 0-0: Ball
1-0: Fly out, F8 (Flyball, 8RM)
Batting: LHB Sam Haynes 0-0: Ball
1-0: Called Strike
1-1: Called Strike
1-2: Strikes out swinging
Batting: RHB Jerry Moore 0-0: Ball
1-0: Swinging Strike
1-1: Ball
2-1: Ball
3-1: Foul Ball, location: 2F
3-2: Foul Ball, location: 2F
3-2: Foul Ball, location: 2F
3-2: Strikes out swinging
Top of the 6th over - 0 run(s), 0 hit(s), 0 error(s), 0 left on base; Butler 3 - Newark 1
BOTTOM OF THE 6TH
Newark Bulldogs batting - Pitching for Butler White Sox : RHP Cliff Erwin
Batting: LHB Marvin Morris 0-0: Ball
1-0: Foul Ball, location: 2F
1-1: Ball
2-1: Foul Ball, location: 2F
2-2: Strikes out swinging
Batting: LHB Gabriel Aragón 0-0: Ball
1-0: SOLO HOME RUN (Flyball, 9D), Distance : 371 ft
Batting: LHB Wes Stone 0-0: Ball
1-0: Foul Ball, location: 2F
1-1: Swinging Strike
1-2: Ground out 4-3 (Groundball, 34)
Batting: RHB Norris Howard 0-0: Foul Ball, location: 2F
0-1: Foul Ball, location: 2F
0-2: Fly out, F7 (Flyball, 78S)
Bottom of the 6th over - 1 run(s), 1 hit(s), 0 error(s), 0 left on base; Butler 3 - Newark 2
TOP OF THE 7TH
Butler White Sox batting - Pitching for Newark Bulldogs : LHP Pedro Orozco
Pitching: RHP Chris Johns
Batting: LHB Sean Perkins 0-0: Called Strike
0-1: Ball
1-1: Foul Ball, location: 2F
1-2: Fly out, F9 (Flyball, 9)
Batting: RHB Luis Fuentes 0-0: Ball
1-0: Ball
2-0: Foul Ball, location: 2F
2-1: SINGLE (Groundball, 4MD)
Batting: LHB Josh Pérez 0-0: Ball
1-0: Foul Ball, location: 2F
1-1: Ball
2-1: SINGLE (Groundball, 34D)
Luis Fuentes to second
Runner from 2nd tries for 3rd, SAFE, throw made to third
Josh Pérez to second
Batting: RHB Bobby Murdock 0-0: Fly out, F9 (Flyball, 9LS)
Runner from 3rd tags up, SCORES, throw made
Batting: RHB Luis Ramos 0-0: Foul Ball, location: 2F
0-1: Ball
1-1: Ball
2-1: Ball
3-1: Called Strike
3-2: Foul Ball, location: 2F
3-2: DOUBLE (Flyball, 8LD)
Josh Pérez scores
Pitching: RHP Jesús Salazar
Batting: RHB Tom Lang 0-0: Ball
1-0: Ball
2-0: Ball
3-0: Base on Balls
Batting: LHB Jim Knight 0-0: Swinging Strike
0-1: Swinging Strike
0-2: Ball
1-2: Ball
2-2: Strikes out swinging
Top of the 7th over - 2 run(s), 3 hit(s), 0 error(s), 2 left on base; Butler 5 - Newark 2
BOTTOM OF THE 7TH
Newark Bulldogs batting - Pitching for Butler White Sox : RHP Cliff Erwin
Pitching: LHP Luis Torres
Batting: LHB Wes Thompson 0-0: Swinging Strike
0-1: Called Strike
0-2: Ball
1-2: Foul Ball, location: 2F
1-2: Strikes out looking
Pitching: RHP Carlos Olmedo
Batting: RHB Joe Baker 0-0: Ball
1-0: Fly out, F2 (Popup, 3S)
Batting: RHB Stan Simpson 0-0: Ground out 6-3 (Groundball, 6)
Bottom of the 7th over - 0 run(s), 0 hit(s), 0 error(s), 0 left on base; Butler 5 - Newark 2
TOP OF THE 8TH
Butler White Sox batting - Pitching for Newark Bulldogs : RHP Jesús Salazar
Batting: LHB Sam Haynes 0-0: Ball
1-0: Foul Ball, location: 2F
1-1: Ground out U3 (Groundball, 34)
Batting: RHB Jerry Moore 0-0: Foul Ball, location: 2F
0-1: Ball
1-1: Called Strike
1-2: Ball
2-2: Strikes out looking
Batting: LHB Sean Perkins 0-0: Ball
1-0: Ground out 4-3 (Groundball, 4M)
Top of the 8th over - 0 run(s), 0 hit(s), 0 error(s), 0 left on base; Butler 5 - Newark 2
BOTTOM OF THE 8TH
Newark Bulldogs batting - Pitching for Butler White Sox : RHP Carlos Olmedo
Batting: RHB Peter Sexton 0-0: Called Strike
0-1: Ball
1-1: Called Strike
1-2: Ball
2-2: Foul Ball, location: 2F
2-2: Fly out, F8 (Flyball, 8RM)
Batting: RHB Wilson Flores 0-0: Fly out, F7 (Flyball, 7)
Batting: LHB Marvin Morris 0-0: Called Strike
0-1: Called Strike
0-2: Ball
1-2: Foul Ball, location: 2F
1-2: Ball
2-2: Ball
3-2: Base on Balls
Pitching: LHP Todd Anderson
Batting: LHB Gabriel Aragón 0-0: Called Strike
0-1: Ball
1-1: Foul Ball, location: 2F
1-2: Foul Ball, location: 2F
1-2: Ground out 1-3 (Groundball, 13S)
Bottom of the 8th over - 0 run(s), 0 hit(s), 0 error(s), 1 left on base; Butler 5 - Newark 2
TOP OF THE 9TH
Butler White Sox batting - Pitching for Newark Bulldogs : RHP Jesús Salazar
Batting: RHB Luis Fuentes 0-0: Ball
1-0: Called Strike
1-1: Ball
2-1: Foul Ball, location: 2F
2-2: Foul Ball, location: 2F
2-2: DOUBLE (Flyball, 89D)
Pinch Runner at 2nd Júlio Hernández:
Batting: LHB Josh Pérez 0-0: Ball
1-0: Foul Ball, location: 2F
1-1: Foul Ball, location: 2F
1-2: Ball
2-2: Ball
3-2: Base on Balls
Batting: RHB Bobby Murdock 0-0: Called Strike
0-1: Ball
1-1: Called Strike
1-2: Ball
2-2: Strikes out swinging
Pitching: RHP Jim Cook
Batting: RHB Luis Ramos 0-0: Ball
1-0: Grounds into double play, 4-6-3 (Groundball, 4)
Top of the 9th over - 0 run(s), 1 hit(s), 0 error(s), 1 left on base; Butler 5 - Newark 2
BOTTOM OF THE 9TH
Newark Bulldogs batting - Pitching for Butler White Sox : LHP Todd Anderson
Pitching: RHP Eric Wilson
Now at 2B: Júlio Hernández
Batting: LHB Wes Stone 0-0: Swinging Strike
0-1: Ball
1-1: Ball
2-1: Ball
3-1: Base on Balls
Batting: RHB Norris Howard 0-0: Ball
1-0: Swinging Strike
1-1: Ball
2-1: Called Strike
2-2: SINGLE (Line Drive, 78S)
Wes Stone to second
Batting: LHB Wes Thompson 0-0: Ball
1-0: Ball
2-0: Ball
3-0: Called Strike
3-1: Base on Balls
Wes Stone to third
Norris Howard to second
Pinch Hitting: RHB Michael Skinner 0-0: Ball
1-0: Ball
2-0: SINGLE (Groundball, 6MD)
Wes Stone scores
Norris Howard to third
Wes Thompson to second
Runner from 3rd tries for Home, SAFE, no throw
Batting: RHB Stan Simpson 0-0: Fly out, F9 (Flyball, 9)
Pinch Hitting: RHB Tony Long 0-0: Ball
1-0: SINGLE (Groundball, 6D)
Wes Thompson to third
Michael Skinner to second
Pinch Hitting: LHB Gerardo Guzmán 0-0: Called Strike
0-1: Ball
1-1: Swinging Strike
1-2: Strikes out looking
Batting: LHB Marvin Morris 0-0: Foul Ball, location: 2F
0-1: Foul Ball, location: 2F
0-2: Ball
1-2: Ball
Wild Pitch!
Wes Thompson scores
Michael Skinner to third
Tony Long to second
2-2: Foul Ball, location: 2F
2-2: Ball
3-2: Foul Ball, location: 2F
3-2: Ground out 3-1 (Groundball, 34S)
Bottom of the 9th over - 3 run(s), 3 hit(s), 0 error(s), 2 left on base; Butler 5 - Newark 5
TOP OF THE 10TH
Butler White Sox batting - Pitching for Newark Bulldogs : RHP Jim Cook
Pitching: RHP Bart Brown
Now at C: Pablo Gómez
Now at 3B: Gerardo Guzmán
Now at SS: Larry Booth
Batting: RHB Tom Lang 0-0: Ball
1-0: Swinging Strike
1-1: Foul Ball, location: 2F
1-2: Ball
2-2: Ball
3-2: Foul Ball, location: 2F
3-2: Foul Ball, location: 2F
3-2: Base on Balls
Batting: LHB Jim Knight 0-0: Sac Bunt - play at second, runner OUT! 2-6
Pinch Hitting: LHB Thomas Dixon 0-0: Called Strike
0-1: Fly out, F8 (Line Drive, 8RM)
Pinch Hitting: LHB Denny Allen 0-0: Called Strike
0-1: Fly out, F8 (Flyball, 8LM)
Top of the 10th over - 0 run(s), 0 hit(s), 0 error(s), 1 left on base; Butler 5 - Newark 5
BOTTOM OF THE 10TH
Newark Bulldogs batting - Pitching for Butler White Sox : RHP Eric Wilson
Pitching: RHP Bartho Manshert
Now at 2B: Tomás Escobar
Now at SS: Thomas Dixon
Batting: LHB Gabriel Aragón 0-0: Swinging Strike
0-1: Swinging Strike
0-2: DOUBLE (Line Drive, 78XD)
Batting: LHB Wes Stone 0-0: DOUBLE (Groundball, 5L)
Gabriel Aragón scores
Tuesday, August 8th, 2017 - OOTP Baseball 17.12 Build 75